 Dungeon Crawl Stone Soup version 0.24-a0-130-ga3c21ff (webtiles) character file.

Game seed: 1678407758044281507

81 Mgcat the Skirmisher (level 4, -2/39 HPs)
             Began as a Centaur Fighter on Feb 26, 2019.
             Slain by a gnoll
             ... wielding a +0 halberd
              (9 damage)
             ... on level 2 of the Dungeon.
             The game lasted 00:01:49 (1127 turns).

Mgcat the Skirmisher (Centaur Fighter)              Turns: 1127, Time: 00:01:50

Health: -2/39      AC:  6    Str: 20    XL:     4   Next: 19%
Magic:  4/4        EV:  5    Int:  7    God:
Gold:   81         SH:  8    Dex:  8    Spells: 3/3 levels left

rFire    . . .     SeeInvis .   a - +0 war axe
rCold    . . .     Gourm    .   c - +0 shield
rNeg     . . .     Faith    .   b - +0 scale mail
rPois    .         Spirit   .   (no helmet)
rElec    .         Reflect  .   (no cloak)
rCorr    .         Harm     .   (no gloves)
MR       .....                  (no barding)
Stlth    ..........             (no amulet)
HPRegen  0.13/turn              (no ring)
MPRegen  0.09/turn              (no ring)

@: very quick
A: large, hooves 3, deformed body, speed 2, tough skin 3
a: no special abilities


You were on level 2 of the Dungeon.
You were not hungry.

You visited 1 branch of the dungeon, and saw 2 of its levels.

You collected 81 gold pieces.

Inventory:

Hand Weapons
 a - a +0 war axe (weapon)
Missiles
 j - 4 javelins (quivered)
Armour
 b - a +0 scale mail (worn)
 c - a +0 shield (worn)
Scrolls
 h - 2 scrolls of identify {unknown}
 m - a scroll of blinking {!r}
Potions
 d - a potion of might
 e - a potion of flight {unknown}
 i - a potion of magic {unknown}
 k - a potion of agility {unknown}
 l - a potion of heal wounds {unknown}
Comestibles
 f - 5 rations
 g - 9 chunks of flesh {@w0}


   Skills:
 + Level 3.6 Fighting
 + Level 2.5 Axes
 + Level 2.6 Armour
 + Level 2.6 Shields


You had 3 spell levels left.
You didn't know any spells.
Your spell library was empty.

Dungeon Overview and Level Annotations

Branches:
Dungeon (2/15)

Altars:


Innate Abilities, Weirdness & Mutations

You have hooves in place of feet.
Armour fits poorly on your strangely shaped body.
You cover ground very quickly.
You have extremely tough skin. (AC +3)


Message History

You see here an adder skeleton. x2
l - a pink potion
f - 5 rations (gained 1)
You now have 58 gold pieces (gained 11).
Some of the chunks of flesh in your inventory have rotted away.
You now have 68 gold pieces (gained 10).
Found a stone staircase leading down.
You regained 2 hp, and now have 36/39 hp.
m - a scroll of blinking {!r} You now have 81 gold pieces (gained 13).
A kobold comes into view. It is wielding a +0 dagger.
A kobold is nearby!
The kobold shouts!
The kobold throws a stone.
The stone barely misses you.
The kobold throws a stone.
The stone hits you but does no damage.
You see here a stone.
The kobold throws a stone.
You block the stone.
You see here a stone.
The kobold hits you but does no damage.
You closely miss the kobold. The kobold barely misses you.
You closely miss the kobold. You kick the kobold.
You kill the kobold!
No target in view!
No target in view!
Things that are here:
a +0 dagger; 2 stones; a kobold corpse As you open the door, it creaks loudly!
You hear a shout! x2
There is an open door here.
A gnoll comes into view. It is wielding a +0 spear.
A kobold comes into view. It is wielding a +0 whip.
Health restored: 39 Spoiler Alert: The gnoll can hit for moderate damage in melee, and throws nets!
A gnoll comes into view. It is wielding a +0 whip.
The gnoll shouts!
A gnoll comes into view. It is wielding a +0 flail.
The gnoll moves out of view.
Warning x2: The gnoll can hit for moderate damage in melee, and throws nets! x2
The kobold throws a stone.
You block the stone.
You see here a stone.
Warning x3: The gnoll can hit for moderate damage in melee, and throws nets! x3
The kobold throws a stone.
The stone hits you but does no damage.
You see here a stone.
You see here a scroll labeled COJOB WEPOIM.
You start waiting.
The gnoll is too close now for your liking.
The gnoll hits you but does no damage.
Warning x3: The gnoll can hit for moderate damage in melee, and throws nets! x3
You completely miss the gnoll. The gnoll barely misses you.
You hit the gnoll but do no damage. Your kick misses the gnoll.
The gnoll hits you with a +0 spear.
You take 4 damage, and have 35/39 hp.
You barely miss the gnoll. Your kick misses the gnoll. You slash the gnoll!
The gnoll hits you but does no damage.
A gnoll comes into view. It is wielding a +0 halberd.
The gnoll hits you with a +0 spear.
The gnoll moves out of view.
You take 2 damage, and have 33/39 hp.
Warning x3: The gnoll can hit for moderate damage in melee, and throws nets! x3
You slash the gnoll!
You kill the gnoll!
Your shield and scale mail prevent you from hitting the gnoll.
The kobold throws a stone.
You block the stone. The gnoll hits you with a +0 spear.
The kobold throws a stone.
The stone hits you.
You take 4 damage, and have 29/39 hp.
Warning x3: The gnoll can hit for moderate damage in melee, and throws nets! x2
The gnoll (wandering) can hit for moderate damage in melee, and throws nets!
You are too injured to fight recklessly!
Warning x3: The gnoll can hit for moderate damage in melee, and throws nets! x2
The gnoll (wandering) can hit for moderate damage in melee, and throws nets!
You are too injured to fight recklessly!
Warning x3: The gnoll can hit for moderate damage in melee, and throws nets! x2
The gnoll (wandering) can hit for moderate damage in melee, and throws nets!
You are too injured to fight recklessly!
Warning x3: The gnoll can hit for moderate damage in melee, and throws nets! x2
The gnoll (wandering) can hit for moderate damage in melee, and throws nets!
You are too injured to fight recklessly!
Warning x3: The gnoll can hit for moderate damage in melee, and throws nets! x2
The gnoll (wandering) can hit for moderate damage in melee, and throws nets!
You are too injured to fight recklessly!
Warning x3: The gnoll can hit for moderate damage in melee, and throws nets! x2
The gnoll (wandering) can hit for moderate damage in melee, and throws nets!
You closely miss the gnoll.
The gnoll shouts!
You hear an angry hiss.
You block the gnoll's attack.
The kobold throws a stone.
You block the stone. The gnoll hits you but does no damage.
A leopard gecko comes into view.
Warning x3: The gnoll can hit for moderate damage in melee, and throws nets! x3
You closely miss the gnoll. The gnoll hits you with a +0 spear.
The kobold hits you but does no damage.
You take 6 damage, and have 24/39 hp.
You hit the gnoll. Your kick misses the gnoll.
The gnoll is lightly wounded.
You hit the kobold.
You kill the kobold!
The gnoll hits you with a +0 spear! The gnoll hits you with a +0 whip.
The gnoll hits you but does no damage.
You take 10 damage, and have 14/39 hp.
MASSIVE DAMAGE!!
Warning x3: The gnoll can hit for moderate damage in melee, and throws nets! x3
You hit the gnoll. Your kick misses the gnoll.
The gnoll is severely wounded.
You slash the gnoll! You block the gnoll's attack.
The gnoll hits you with a +0 whip. You block the gnoll's attack.
The gnoll hits you with a +0 whip.
* * * LOW HITPOINT WARNING * * *
The gnoll hits you from afar with a +0 halberd!
You die...

##### #.#.# #############
#.... #.........@g# #(#)#
#.####.#.##g# #.#.# #.#
#.#.##g# #.#.# #.#
#.#.##l# ###
#.#.###.####.#'##.###....
.(...##..................
>..(.(..####.....(.......
.....##).# #.............
.........###.............


You could see 3 gnolls and a leopard gecko.

Vanquished Creatures
  A worker ant (D:2)
  A gnoll (D:2)
  An adder (D:2)
  A dart slug (D:1)
  A leopard gecko (D:1)
  An orc (D:2)
  2 giant cockroaches (D:1)
  4 hobgoblins
  3 jackals (D:2)
  A quokka (D:2)
  3 bats (D:1)
  4 goblins
  6 kobolds
  5 rats (D:1)
34 creatures vanquished.

Notes
Turn   | Place    | Note
-------+----------+-------------------------------------------
     0 | D:1      | Mgcat the Centaur Fighter began the quest for the Orb.
     0 | D:1      | Reached XP level 1. HP: 19/19 MP: 1/1
   332 | D:1      | Reached XP level 2. HP: 26/26 MP: 2/2
   334 | D:1      | Reached skill level 2 in Axes
   913 | D:2      | Reached XP level 3. HP: 24/31 MP: 3/3
  1039 | D:2      | Reached XP level 4. HP: 33/39 MP: 4/4
  1127 | D:2      | HP: 7/39 [gnoll/+0 whip (6)]
  1127 | D:2      | Slain by a gnoll

Levels and vault maps discovered:
D:1:      dpeg_cavernosity, layout_basic
D:2:      layout_basic, minmay_box_of_dots

Skill      XL: |  1  2 |
---------------+-------+-----
Axes           | 2 |  2.5
Fighting       | |  3.6
Armour         | |  2.6
Shields        | |  2.6

Action                   |  1- 3 |  4- 6 || total
-------------------------+-------+-------++-------
Melee: War axe           |    67 |    10 ||    77
       Kick              |    11 |     1 ||    12
  Use: Scroll            |     1 |       ||     1
Armor: Scale mail        |    33 |     5 ||    38
Dodge: Dodged            |     8 |     3 ||    11
Block: Shield            |    30 |     7 ||    37

Table legend:
 A = Non-vault XP
 B = Vault XP
 C = Vault XP percentage of total XP
 D = Non-vault monster count
 E = Vault monster count
 F = Vault count percentage of total count
                 A         B        C        D         E       F
            +---------+---------+-------+---------+---------+-------
      Total |      92 |      24 |  20.7 |      27 |       7 |  20.6
            +---------+---------+-------+---------+---------+-------
        D:1 |      29 |       6 |  17.1 |      18 |       4 |  18.2
        D:2 |      63 |      18 |  22.2 |       9 |       3 |  25.0
            +---------+---------+-------+---------+---------+-------

Levels and vault maps discovered:
D:1:      dpeg_cavernosity, layout_basic
D:2:      layout_basic, minmay_box_of_dots

Table legend:
 A = Turns spent in this place as a percentage of turns spent in the entire game.
 B = Non-inter-level travel turns spent in this place as a percentage of non-inter-level travel turns spent in the entire game.
 C = Inter-level travel turns spent in this place as a percentage of turns spent in this place.
 D = Turns resting spent in this place as a percentage of non-inter-level travel turns spent in this place.
 E = Turns spent auto-exploring this place as a percentage of non-inter-level travel turns spent in this place.
 F = Non-inter-level travel turns spent in this place divided by the number of levels of this place that you've seen.
                   A       B       C       D       E      F
               +-------+-------+-------+-------+-------+----------------------
         Total | 100.0 | 100.0 |   6.1 |   0.4 |  82.3 | 529.0
       Dungeon | 100.0 | 100.0 |   6.1 |   0.4 |  82.3 | 529.0
               +-------+-------+-------+-------+-------+----------------------

Table legend:
 A = Kills in this place as a percentage of kills in entire the game.
 B = Kills by you in this place as a percentage of kills by you in the entire game.
 C = Kills by friends in this place as a percentage of kills by friends in the entire game.
 D = Other kills in this place as a percentage of other kills in the entire game.
 E = Experience gained in this place as a percentage of experience gained in the entire game.
 F = Experience gained in this place divided by the number of levels of this place that you have seen.
                   A       B       C       D       E      F
               +-------+-------+-------+-------+-------+----------------------
         Total | 100.0 | 100.0 |   N/A |   N/A | 100.0 |  58.0
       Dungeon | 100.0 | 100.0 |   N/A |   N/A | 100.0 |  58.0
               +-------+-------+-------+-------+-------+----------------------
